 Dungeon Crawl Stone Soup version 0.30-a0-1050-g2766ea1e55 (console) character file.

Game seed: 17433445935915181961

50382 Kenran the Warrior (level 14, 0/140 HPs)
             Began as a Hill Orc Fighter on Apr 10, 2023.
             Was the Champion of the Shining One.
             Killed from afar by a wretched star (11 damage)
             ... with a lance of force
             ... on level 3 of the Abyss.
             The game lasted 00:50:10 (15120 turns).

Kenran the Warrior (Hill Orc Fighter)              Turns: 15120, Time: 00:50:10

Health: 0/140      AC: 29    Str: 24    XL:     14   Next: 55%
Magic:  21/21      EV: 10    Int:  8    God:    the Shining One [******]
Gold:   1430       SH:  9    Dex: 10    Spells: 13/13 levels left

rFire   . . .      SeeInvis .    a - +0 war axe
rCold   + . .      Faith    .    k - +0 kite shield
rNeg    + + +      Spirit   .    u - +3 scale mail {rC+}
rPois   +          Reflect  .    (no helmet)
rElec   .          Rampage  .    T - +2 cloak {rPois}
rCorr   .                        x - +1 pair of gloves
Will    +....                    h - +1 pair of boots Stlth
                                 t - amulet of regeneration
HPRegen 0.00/turn                g - +4 ring of protection
MPRegen 0.17/turn                y - +4 ring of protection

@: sick, glowing, studying Invocations
A: no striking features
a: Renounce Religion, Divine Shield, Cleansing Flame, Summon Divine Warrior,
Brand Weapon With Holy Wrath


You were on level 3 of the Abyss.
You worshipped the Shining One.
The Shining One was exalted by your worship.
You visited 2 branches of the dungeon, and saw 16 of its levels.
You visited the Abyss 1 time.
You also visited: Ossuary.

You collected 1938 gold pieces.
You spent 508 gold pieces at shops.

Inventory:

Hand Weapons
 a - a +0 war axe (weapon)
 b - a +0 morningstar
Missiles
 f - a throwing net (quivered)
Armour
 h - a +1 pair of boots (worn)
 k - a +0 kite shield (worn)
 u - a +3 scale mail of cold resistance (worn)
 x - a +1 pair of gloves (worn)
 T - a +2 cloak of poison resistance (worn)
Jewellery
 g - a +4 ring of protection (left hand)
 t - an amulet of regeneration (around neck)
 y - a +4 ring of protection (right hand)
 D - a ring of ice
 H - a ring of see invisible
 M - a ring of willpower
 N - a ring of flight
 O - a ring of fire
Wands
 l - a wand of charming (12)
 v - a wand of digging (10)
 w - a wand of mindburst (11)
 G - a wand of flame (16)
 R - a wand of light (4)
Scrolls
 c - 5 scrolls of blinking
 e - 2 scrolls of amnesia
 m - 4 scrolls of fog
 p - 9 scrolls of poison {!r}
 E - 3 scrolls of immolation {!r}
 I - 2 scrolls of enchant armour
 J - 2 scrolls of enchant weapon
 K - a scroll of vulnerability {!r}
 P - a scroll of magic mapping
 S - 3 scrolls of silence
 U - 8 scrolls of teleportation
 V - a scroll of fear
Potions
 d - a potion of might
 j - 3 potions of haste
 o - 6 potions of curing {@q1}
 q - 3 potions of brilliance
 s - 2 potions of degeneration {unknown}
 z - 5 potions of berserk rage {!q}
 A - a potion of invisibility {unknown}
 B - 4 potions of attraction {unknown}
 C - 2 potions of ambrosia
 F - 4 potions of mutation {!q}
 L - 2 potions of flight {unknown}
 W - a potion of magic {unknown}
 X - a potion of cancellation {unknown}
 Y - a potion of lignification {!q}


   Skills:
 + Level 17.3 Fighting
 - Level 16.0 Axes
 + Level 14.4 Armour
 - Level 4.0 Dodging
 - Level 7.0 Shields
 + Level 10.5 Invocations


You had 13 spell levels left.
You didn't know any spells.
Your spell library contained the following spells:

 Spells                   Type           Power      Damage    Failure   Level
 Apportation              Tloc           0%         N/A       91%         1
 Kiss of Death            Conj/Necr      0%         2d5       91%         1
 Necrotise                Necr           0%         1d4       91%         1
 Sandblast                Erth           0%         2d4       91%         1
 Shock                    Conj/Air       0%         1d3       91%         1
 Summon Small Mammal      Summ           0%         N/A       91%         1
 Blink                    Tloc           0%         N/A       97%         2
 Cigotuvi's Dreadful Rot  Necr/Pois/Air  0%         N/A       97%         2
 Ensorcelled Hibernation  Hex/Ice        0%         N/A       97%         2
 Lesser Beckoning         Tloc           0%         N/A       97%         2
 Momentum Strike          Conj/Tloc      0%         3d8       97%         2
 Passwall                 Tmut/Erth      0%         N/A       97%         2
 Confusing Touch          Hex            0%         N/A       100%        3
 Ignite Poison            Fire/Tmut/Pois 0%         N/A       100%        3
 Inner Flame              Hex/Fire       0%         N/A       100%        3
 Ozocubu's Armour         Ice            0%         N/A       100%        3
 Stone Arrow              Conj/Erth      0%         3d7       100%        3
 Swiftness                Air            0%         N/A       100%        3
 Volatile Blastmotes      Fire/Tloc      0%         2d10      100%        3
 Airstrike                Air            0%         2d(0-16)  100%        4
 Dispel Undead            Necr           0%         3d6       100%        4
 Fulminant Prism          Conj/Hex       0%         3d5       100%        4
 Iskenderun's Mystic Bla  Conj/Tloc      0%         2d3       100%        4
 Leda's Liquefaction      Hex/Erth       0%         N/A       100%        4
 Freezing Cloud           Conj/Ice/Air   0%         6-21      100%        5
 Lee's Rapid Deconstruct  Erth           0%         3d4*      100%        5
 Metabolic Englaciation   Hex/Ice        0%         N/A       100%        5
 Yara's Violent Unravell  Hex/Tmut       0%         3d3       100%        5
 Simulacrum               Ice/Necr       0%         N/A       100%        6
 Statue Form              Tmut/Erth      0%         N/A       100%        6
 Enfeeble                 Hex            0%         N/A       100%        7
 Ozocubu's Refrigeration  Ice            0%         4d7       100%        7


Dungeon Overview and Level Annotations

Branches:
Dungeon (11/15)            Temple (0/1) D:4            Lair (5/5) D:8
  Swamp (0/4) Lair:3        Snake (0/4) Lair:3        Slime (0/5) Lair:4
    Orc (0/2) D:11        Ossuary (visited)

Altars:
Ashenzari
Elyvilon
Gozag
Hepliaklqana
Kikubaaqudgha
Makhleb
Okawaru
Qazlal
Ru
Sif Muna
Trog
Xom
The Shining One
Jiyva

Shops:
D:7 (   D:9 :   D:10 [

Annotations:
D:11 Gastronok
Lair:1 exclusion: downstairs


Message History

The ufetubus disappears in a puff of smoke!
You feel yourself slow down.
You see here a raiju corpse.
You see here a raiju corpse.
You start resting.
An ancient zyme comes into view.
You feel ill. The ancient zyme barely misses you.
The ancient zyme closely misses you.
You slash the ancient zyme!
The ancient zyme is lightly damaged.
The ancient zyme hits you but does no damage. x2
You slash the ancient zyme!
The ancient zyme is moderately damaged.
The ancient zyme hits you but does no damage.
The ancient zyme hits you.
* * * LOW HITPOINT WARNING * * *
You barely miss the ancient zyme.
The ancient zyme is moderately damaged.
You slash the ancient zyme!
The ancient zyme is severely damaged.
The ancient zyme hits you but does no damage. x2
You hit the ancient zyme.
The ancient zyme is severely damaged.
The ancient zyme hits you.
* * * LOW HITPOINT WARNING * * *
The ancient zyme hits you but does no damage.
You hit the ancient zyme but do no damage.
The ancient zyme is severely damaged.
You block the ancient zyme's attack.
The ancient zyme hits you but does no damage.
You slash the ancient zyme!
You destroy the ancient zyme!
You see here a raiju corpse.
You start resting.
A wretched star comes into view.
The wretched star glows turbulently.
You block the lance of force.
The wretched star glows turbulently.
The lance of force hits you!
You die...

. .## .# #.
.#.#.# ## ##
#. #.._.##..
#.##.. ...
#...†#*. # #
##..##.#
#....#*#
#.#...##
#..@###
#.........#
####..#....#
# #...#...#
#..# ####
#.## .≈. .~


You could see a wretched star.

Vanquished Creatures
  A tentacled starspawn (Abyss:2)
  An Executioner (Abyss:3)
  Nessos (Lair:3)
  A blizzard demon (Abyss:3)
  A catoblepas (Lair:3)
  8 hydras
  2 two-headed ogres
  A death yak (Lair:5)
  A thrashing horror (Abyss:3)
  2 skysharks (Lair:5)
  Pikel (D:6)
  2 bog bodies (Lair:3)
  An ugly thing (D:11)
  A manticore (Lair:4)
  2 worldbinders
  4 black mambas
  14 elephants
  13 cane toads
  2 rime drakes (Lair:5)
  5 komodo dragons
  4 ancient zymes (Abyss:3)
  A polar bear (Lair:4)
  6 raiju
  30 blink frogs
  2 hornets
  Sigmund (D:5)
  A spriggan (Lair:3)
  A shadow (D:11)
  A vampire (D:11)
  A ynoxinul (Abyss:3)
  A fire bat (Abyss:3)
  27 yaks
  4 basilisks
  4 wyverns
  A human (shapeshifter) (Abyss:3)
  A wraith (D:10)
  2 vampire mosquitoes (D:11)
  A chaos spawn (Abyss:3)
  3 steam dragons
  2 nagas (Lair:3)
  5 small abominations (Abyss:3)
  3 acid dragons
  A hell hound (Lair:5)
  3 sky beasts
  19 water moccasins
  2 orc warriors
  3 black bears
  2 ice beasts
  9 wolves
  An ogre (D:4)
  A large abomination (Abyss:3)
  A phantom (D:5)
  9 bullfrogs
  17 scorpions
  8 wights
  8 howler monkeys
  2 electric eels
  A centaur zombie (Ossuary)
  4 orc priests
  A jelly (D:4)
  A quasit (Abyss:3)
  3 hounds
  3 human zombies (Ossuary)
  2 gnoll boudas
  An iron imp (Abyss:3)
  A sleepcap (D:6)
  9 scorpion zombies (Ossuary)
  Terence (D:3)
  4 iguanas
  4 orc wizards
  Ijyb (D:3)
  3 mummies (Ossuary)
  13 adders
  11 gnolls
  A shadow imp (D:6)
  A white imp (D:5)
  An ufetubus (D:6)
  2 dart slugs
  19 orcs
  3 endoplasms
  A giant cockroach (D:4)
  5 goblins
  11 hobgoblins
  2 jackals (D:1)
  5 kobolds (D:2)
  3 quokkas
  4 ball pythons
  11 bats
  A frilled lizard (D:1)
  2 gnoll zombies (Ossuary)
  A goblin zombie (Ossuary)
  2 hobgoblin zombies (Ossuary)
  A kobold zombie (Ossuary)
  4 orc zombies (Ossuary)
  3 rats
  A butterfly (D:5)
399 creatures vanquished.

Vanquished Creatures (others)
  A small abomination (Abyss:3)
  An orc wizard (D:5)
  A bush (Lair:3)
  58 fungi
  53 plants
  3 starspawn tentacles (Abyss:2)
117 creatures vanquished.

Grand Total: 516 creatures vanquished

Notes
Turn   | Place    | Note
-------+----------+-------------------------------------------
     0 | D:1      | Kenran the Hill Orc Fighter began the quest for the Orb.
     0 | D:1      | Reached XP level 1. HP: 19/19 MP: 1/1
    90 | D:1      | Reached XP level 2. HP: 25/26 MP: 2/2
   502 | D:2      | Reached XP level 3. HP: 27/31 MP: 3/3
   523 | D:2      | Reached skill level 5 in Axes
   978 | D:3      | Noticed Ijyb
  1004 | D:3      | Killed Ijyb
  1005 | D:3      | Reached skill level 4 in Fighting
  1005 | D:3      | Reached XP level 4. HP: 39/40 MP: 4/4
  1134 | D:3      | Found a shimmering blue altar of Sif Muna.
  1330 | D:3      | Reached XP level 5. HP: 42/46 MP: 5/5
  1404 | D:3      | Noticed Terence
  1415 | D:3      | Killed Terence
  1607 | D:3      | Found a bloodstained altar of Trog.
  1673 | D:3      | Found a broken altar of Ashenzari.
  1833 | D:4      | Noticed an ogre
  1912 | D:4      | Reached skill level 5 in Fighting
  1912 | D:4      | Reached XP level 6. HP: 27/56 MP: 6/6
  2025 | D:4      | Found a stormy altar of Qazlal.
  2135 | D:4      | Identified the +5 ring mail of Ifaiqyer {Dex+2}
  2443 | D:4      | Found a glowing golden altar of the Shining One.
  2450 | D:4      | Became a worshipper of the Shining One
  2613 | D:4      | Found a staircase to the Ecumenical Temple.
  2763 | D:5      | Entered Level 5 of the Dungeon
  2763 | D:5      | Noticed Sigmund
  2770 | D:5      | Killed Sigmund
  2771 | D:5      | Reached skill level 6 in Fighting
  2771 | D:5      | Reached XP level 7. HP: 63/63 MP: 7/7
  2878 | D:5      | Found a shimmering altar of Xom.
  2979 | D:5      | Reached XP level 8. HP: 71/71 MP: 8/8
  2994 | D:5      | Reached skill level 10 in Axes
  3087 | D:5      | Reached skill level 7 in Fighting
  3362 | D:5      | Reached skill level 5 in Armour
  3655 | D:6      | Identified the +1 falchion of the Twisting Firefly {flame,
                  | Str+2}
  3744 | D:6      | Noticed Pikel
  3765 | D:6      | Killed Pikel
  3766 | D:6      | Reached skill level 8 in Fighting
  3766 | D:6      | Reached XP level 9. HP: 75/81 MP: 9/9
  3957 | D:6      | Reached * piety under the Shining One
  3976 | D:6      | Reached skill level 9 in Fighting
  4523 | D:7      | Reached skill level 10 in Fighting
  4582 | D:7      | Found a sacrificial altar of Ru.
  4700 | D:7      | Found an ancient bone altar of Kikubaaqudgha.
  4890 | D:7      | Found Kadogriu's Antique Weapon Emporium.
  4908 | D:7      | Bought a blackened broad axe for 333 gold pieces
  4908 | D:7      | Identified the +1 broad axe of Instant Death {antimagic,
                  | *Rage rCorr Int+2} (You bought it in a shop on level 7 of
                  | the Dungeon)
  5106 | D:7      | Found a hazy altar of Hepliaklqana.
  5284 | D:8      | Reached XP level 10. HP: 75/93 MP: 10/10
  5286 | D:8      | Reached skill level 1 in Invocations
  5303 | D:8      | Reached skill level 5 in Shields
  5376 | D:8      | Reached ** piety under the Shining One
  5466 | D:8      | Found a sand-covered staircase.
  5477 | Ossuary  | Entered an ossuary
  5497 | Ossuary  | Reached skill level 11 in Fighting
  5567 | Ossuary  | Reached *** piety under the Shining One
  5716 | Ossuary  | Reached **** piety under the Shining One
  5724 | Ossuary  | Reached skill level 12 in Fighting
  5844 | D:8      | Noticed a two-headed ogre
  5853 | D:8      | Killed a two-headed ogre
  6034 | D:8      | Found a staircase to the Lair.
  6328 | Lair:1   | Entered Level 1 of the Lair of Beasts
  6400 | Lair:1   | Reached XP level 11. HP: 96/104 MP: 14/14
  7051 | Lair:1   | Reached skill level 15 in Axes
  7313 | Lair:2   | Noticed a four-headed hydra
  7365 | Lair:2   | Reached skill level 10 in Armour
  7416 | Lair:2   | Noticed a five-headed hydra
  7574 | D:9      | Found Mekuig's Book Shop.
  7620 | D:9      | Found a burning altar of Makhleb.
  7626 | D:9      | Found an opulent altar of Gozag.
  8167 | D:10     | Entered Level 10 of the Dungeon
  8388 | D:10     | Identified the +0 glaive of Gallantry {freeze, Will+ rCorr
                  | Int-2}
  8439 | D:10     | Found Erall's Armour Boutique.
  8448 | D:10     | Bought a +1 cloak of poison resistance for 175 gold pieces
  8697 | D:10     | Found a white marble altar of Elyvilon.
  8737 | D:10     | Found an iron altar of Okawaru.
  8952 | D:11     | Noticed a cyan ugly thing
  8969 | D:11     | Killed a cyan ugly thing
  8990 | D:11     | Reached skill level 13 in Fighting
  9008 | D:11     | Found a staircase to the Orcish Mines.
  9015 | D:11     | Reached XP level 12. HP: 102/115 MP: 15/15
  9018 | D:11     | Reached skill level 5 in Invocations
  9061 | D:11     | Noticed a two-headed ogre
  9065 | D:11     | Killed a two-headed ogre
  9101 | D:11     | Noticed Gastronok
  9237 | Lair:1   | Killed a five-headed hydra
 10140 | Lair:2   | Killed a four-headed hydra
 11112 | Lair:3   | Found a staircase to the Snake Pit.
 11278 | Lair:3   | Reached ***** piety under the Shining One
 11374 | Lair:3   | Reached skill level 14 in Fighting
 11396 | Lair:3   | Found a staircase to the Swamp.
 11550 | Lair:3   | Noticed a six-headed hydra
 11561 | Lair:3   | Killed a six-headed hydra
 11614 | Lair:3   | Reached XP level 13. HP: 108/124 MP: 18/18
 11619 | Lair:3   | Noticed Nessos
 11633 | Lair:3   | Killed Nessos
 11857 | Lair:3   | Reached skill level 1 in Dodging
 12485 | Lair:4   | Reached skill level 15 in Fighting
 12711 | Lair:4   | Found a viscous altar of Jiyva.
 12711 | Lair:4   | Found a staircase to the Slime Pits.
 12835 | Lair:4   | Reached skill level 16 in Fighting
 13437 | Lair:5   | Entered Level 5 of the Lair of Beasts
 13818 | Lair:5   | Identified the +4 battleaxe "Xounyss" {heavy, Drain rC+
                  | Int+2}
 13822 | Lair:5   | Reached XP level 14. HP: 125/138 MP: 19/19
 14463 | Lair:5   | Identified 2 scrolls of acquirement
 14477 | Lair:5   | Acquired 903 gold pieces
 14478 | Lair:5   | Acquired a manual of Invocations
 14509 | Abyss:2  | Found a corrupted altar of Lugonu.
 14509 | Abyss:2  | Cast into level 2 of the Abyss (a wizard)
 14517 | Abyss:2  | Noticed a tentacled starspawn
 14530 | Abyss:2  | Killed a tentacled starspawn
 14531 | Abyss:2  | Reached skill level 17 in Fighting
 14854 | Abyss:3  | Reached ****** piety under the Shining One
 14876 | Abyss:3  | Found a corrupted altar of Lugonu.
 14927 | Abyss:3  | Reached skill level 10 in Invocations
 14963 | Abyss:3  | Noticed an Executioner
 14990 | Abyss:3  | Killed an Executioner
 15009 | Abyss:3  | Found a corrupted altar of Lugonu.
 15017 | Abyss:3  | HP: 7/140 [raiju (7)]
 15120 | Abyss:3  | Killed from afar by a wretched star

Illustrated notes

Levels and vault maps discovered:
D:1:      nicolae_arrival_memento_mori, layout_rooms
D:2:      layout_rooms
D:3:      layout_loops_corners, lemuel_tele_altar, general_overflow_altar,
          nicolae_overflow_crystal_walls, uniq_terence, uniq_ijyb
D:4:      layout_loops_cross, kennysheep_mini_moat, tso_altar,
          minmay_temple_entry_fiery
D:5:      kennysheep_spiral_hall, layout_gridville, xom_butterflies,
          uniq_sigmund
D:6:      old_forge, layout_gridville, due_unseen_surprise, uniq_pikel
D:7:      layout_loops_ring, mainiacjoe_overflow_24_doors,
          mainiacjoe_overflow_alcove_4, worldfamousw_hep_ancestral_shrine,
          serial_shops, shop
D:8:      layout_basic, due_lair_maze_entry_diamond, enter_ossuary_1
D:9:      layout_irregular_city, bloody_makhleb, grunt_gozag_breadcrumbs,
          serial_shops, shop_statue
D:10:     layout_cave_pods, mainiacjoe_overflow_cross_hatched,
          lemuel_round_altar, serial_shops, nicolae_shop_hallway_plus
D:11:     layout_basic, david_orc_3, nicolae_trove_entry_free_sample,
          item_on_display_a, uniq_gastronok, uniq_psyche
Lair:1:   layout_cave_pods, chequers_serial_rivers_room_a, minmay_holes,
          dreamdust_mushroom_princess, infiniplex_staircase_pool,
          lemuel_fruit_tree, grunt_megastairs_1
Lair:2:   layout_chaotic_city
Lair:3:   layout_hall_layers, skrybe_swamp_entry_bodies,
          guppyfry_snake_entry_island, grunt_forest_large_clearing_hut,
          grunt_megastairs_2, uniq_nessos
Lair:4:   layout_regular_city, slime_entry_1, st_stairs_3,
          pdpol_lair_cavern_descent, grunt_megastairs_5, lemuel_fruit_fields
Lair:5:   evil_forest, layout_big_grid, serial_rivers,
          chequers_serial_rivers_small_3, chequers_serial_rivers_micro_b,
          chequers_serial_rivers_small_b, chequers_serial_rivers_marsh,
          chequers_serial_rivers_small_b, chequers_serial_rivers_micro_c,
          serial_bayou_pond_a, chequers_serial_rivers_micro_a, fungi_pond_lemuel
Abyss:3:  base: Lair:3, evilmike_abyss_exit_chaos, evilmike_abyss_exit_chaos,
          evilmike_abyss_exit_kraken

Skill      XL: |  1  2  3  4  5  6  7  8  9 10 11 12 13 14 |
---------------+-------------------------------------------+-----
Axes           | 3 4 5 6 7 9 12 13 14 15 16 | 16.0
Fighting       | 4 5 6 8 10 12 13 14 16 17 | 17.3
Armour         | 4 5 7 10 12 13 14 | 14.4
Shields        | 4 5 7 |  7.0
Invocations    | 4 7 10 | 10.5
Dodging        | 2 4 |  4.0

Action                     |  1- 3 |  4- 6 |  7- 9 | 10-12 | 13-15 || total
---------------------------+-------+-------+-------+-------+-------++-------
  Melee: War axe           |    97 |    90 |   246 |   628 |   592 ||  1653
         Morningstar       |       |       |       |    26 |    43 ||    69
  Evoke: Wand              |       |     1 |       |     1 |    15 ||    17
    Use: Scroll            |     3 |       |     1 |     3 |    19 ||    26
         Potion            |       |     1 |       |       |    20 ||    21
 Armour: Scale mail        |    64 |    21 |   159 |   393 |   585 ||  1222
         Chain mail        |       |     6 |       |       |       ||     6
         Skin              |       |       |       |       |     2 ||     2
  Dodge: Dodged            |    33 |    24 |    81 |   240 |   304 ||   682
  Block: Buckler           |    14 |       |       |       |       ||    14
         Kite shield       |    29 |    35 |   122 |   272 |   367 ||   825

Table legend: (Time is in decaauts)
 A = Elapsed time spent in this place.
 B = Non-inter-level travel time spent in this place.
 C = Inter-level travel time spent in this place.
 D = Time resting spent in this place.
 E = Time spent auto-exploring this place.
 F = Levels seen in this place.
 G = Mean time per level.
                   A        B        C        D        E       F      G
               +--------+--------+--------+--------+--------+-----+--------+
         Total |  15077 |  14421 |    656 |    985 |   7664 |  19 |  793.5 |
       Dungeon |   7769 |   7369 |    400 |    179 |   4221 |  11 |  706.3 |
          Lair |   6413 |   6157 |    256 |    625 |   3388 |   5 | 1282.6 |
         Abyss |    544 |    544 |      0 |    180 |      5 |   2 |  272.0 |
       Ossuary |    350 |    350 |      0 |      0 |     50 |   1 |  350.0 |
               +--------+--------+--------+--------+--------+-----+--------+

Top non-repeatable levels by time:
  Lair:1: 1990 daAuts
  Lair:4: 1319 daAuts
  Lair:3: 1240 daAuts
  Lair:5: 987 daAuts
     D:3: 969 daAuts
     D:6: 912 daAuts
     D:4: 902 daAuts
  Lair:2: 876 daAuts
     D:5: 831 daAuts
     D:7: 812 daAuts
    D:10: 753 daAuts
     D:8: 714 daAuts
     D:9: 684 daAuts
     D:1: 495 daAuts
 Abyss:3: 465 daAuts
